 Dungeon Crawl Stone Soup version 0.31-a0-1591-g515db51633 (webtiles) character file.

Game seed: 4481888128209466417

18564 anacleto the Fighter (level 12, -4/112 HPs)
             Began as a Minotaur Fighter on Jan 6, 2024.
             Slain by a manticore (11 damage)
             ... on level 13 of the Dungeon on Jan 7, 2024.
             The game lasted 00:36:22 (14818 turns).

anacleto the Fighter (Minotaur Fighter)            Turns: 14818, Time: 00:36:23

Health: -4/112     AC: 21    Str: 32    XL:     12   Next: 28%
Magic:  16/16      EV: 10    Int:  5    God:
Gold:   381        SH:  6    Dex: 10    Spells: 11/11 levels left

rFire   . . .        a - +0 long sword (elec)
rCold   . . .        c - +0 buckler
rNeg    . . .        w - +0 plate armour
rPois   .            (helmet restricted)
rElec   .            (no cloak)
rCorr   .            e - +0 pair of gloves
SInv    .            p - +1 pair of boots
Will    .....        (no amulet) Stlth
                     M - +6 ring of strength
HPRegen 0.38/turn    f - +4 ring of protection
MPRegen 0.15/turn

%: no passive effects
@: no status effects
A: horns 2, retaliatory headbutt
a: no special abilities


You were on level 13 of the Dungeon.
You visited 1 branch of the dungeon, and saw 13 of its levels.

You collected 664 gold pieces.
You spent 283 gold pieces at shops.

Inventory:

Hand Weapons
 a - a +0 long sword of electrocution (weapon)
 n - a +2 vampiric rapier
 v - a +0 shortbow
Missiles
 b - 7 javelins
 J - 2 throwing nets
 O - 5 boomerangs (quivered)
Armour
 c - a +0 buckler (worn)
 e - a +0 pair of gloves (worn)
 p - a +1 pair of boots (worn)
 w - a +0 plate armour (worn)
Jewellery
 f - a +4 ring of protection (right hand)
 i - a ring of fire
 j - an amulet of faith
 m - a +4 ring of slaying
 r - a ring of ice
 C - a ring of protection from fire
 E - an amulet of magic regeneration
 F - a ring of poison resistance
 M - a +6 ring of strength (left hand)
 Q - a +4 ring of protection
Wands
 h - a wand of paralysis (1)
 u - a wand of flame (67)
 z - a wand of digging (7)
 D - a wand of iceblast (2)
Scrolls
 g - 2 scrolls of poison
 k - 3 scrolls of fog
 q - 2 scrolls of fear
 s - a scroll of immolation
 t - a scroll of noise
 y - 2 scrolls of vulnerability {unknown}
 A - 4 scrolls of enchant weapon
 I - 4 scrolls of revelation
 K - a scroll of blinking
 L - 4 scrolls of teleportation {unknown}
 P - a scroll of amnesia
Potions
 d - 6 potions of ambrosia
 o - 6 potions of curing
 x - a potion of cancellation {unknown}
 B - 3 potions of lignification
 G - 2 potions of brilliance {unknown}
 H - a potion of resistance {unknown}
 N - a potion of enlightenment {unknown}


   Skills:
 * Level 12.2 Fighting
 * Level 11.9 Long Blades
 + Level 6.6 Throwing
 + Level 8.8 Armour
 + Level 7.2 Dodging
 - Level 0.1 Stealth
 + Level 8.9 Shields
 + Level 7.0 Invocations


You had 11 spell levels left.
You didn't know any spells.
Your spell library contained the following spells:

 Spells                   Type           Power      Damage    Failure   Level
 Cigotuvi's Dreadful Rot  Necr/Alch/Air  0%         N/A       99%         2
 Frozen Ramparts          Ice            0%         1d1       100%        3
 Tukima's Dance           Hex            0%         N/A       100%        3
 Ignite Poison            Fire/Alch      0%         N/A       100%        4
 Passage of Golubria      Tloc           0%         N/A       100%        4
 Freezing Cloud           Conj/Ice/Air   0%         6-21      100%        5
 Yara's Violent Unravell  Hex/Alch       0%         3d3       100%        5
 Plasma Beam              Fire/Air       0%         2x1d10    100%        6
 Sculpt Simulacrum        Ice/Alch       0%         N/A       100%        6


Dungeon Overview and Level Annotations

Branches:
Dungeon (13/15)              Lair (0/5) D:10            Orc (0/2) D:10
 Temple: D:4-7       Vaults: D:13-14

Altars:
Dithmenos
Elyvilon
Gozag
Hepliaklqana
Uskayaw

Shops:
D:7 (   D:10 *


Innate Abilities, Weirdness & Mutations

You have a pair of horns on your head.
You reflexively headbutt those who attack you in melee.


Message History

The centaur warrior kicks you but does no damage.
You hit the centaur warrior. You headbutt the centaur warrior.
The centaur warrior is moderately wounded.
The centaur warrior hits you but does no damage.
The centaur warrior closely misses you.
The centaur warrior hits you but does no damage.
The centaur warrior kicks you but does no damage.
You barely miss the centaur warrior.
The centaur warrior is moderately wounded.
The gargoyle closely misses you. The centaur warrior hits you.
* * * LOW HITPOINT WARNING * * *
The centaur warrior barely misses you.
You hit the centaur warrior but do no damage.
The centaur warrior is moderately wounded.
You block the gargoyle's attack.
The centaur warrior hits you but does no damage.
You block the centaur warrior's attack.
You slash the centaur warrior!
Your headbutt misses the centaur warrior.
The centaur warrior is heavily wounded.
You block the centaur warrior's attack. The centaur warrior closely misses you.
The gargoyle hurls a stone arrow at you.
The stone arrow misses you.
You hit the centaur warrior but do no damage.
You headbutt the centaur warrior!
The centaur warrior is heavily wounded.
You block the centaur warrior's attack. x2
You hit the centaur warrior but do no damage.
You headbutt the centaur warrior.
The centaur warrior is severely wounded.
You block the centaur warrior's attack.
The centaur warrior kicks you but does no damage.
The centaur warrior hits you.
* * * LOW HITPOINT WARNING * * *
The centaur warrior closely misses you.
You barely miss the centaur warrior.
The centaur warrior is severely wounded.
The vault guard misses you. You block the centaur warrior's attack.
The centaur warrior closely misses you. The manticore bites you!
You die...

.....##########...p....#
.................p#..###
............#####.####
.........# #9H.#
.........# #..##
.....)...# #..#
........## #..#
........# #..# ......H@#
#..# .....ppc# #..#
.......9#### #..#
##.........######..#
#............c....#
#.................#
#.................#
#.#####+#.........# #.
#.....$...#


You could see a vault guard, a centaur warrior, a manticore, a human and a
gargoyle.

Vanquished Creatures
  4 two-headed ogres
  An orc knight (D:11)
  A manticore (D:12)
  A deep elf pyromancer (D:12)
  2 ugly things
  An elephant (D:10)
  A cyclops (D:11)
  A gargoyle (D:12)
  2 unseen horrors
  A komodo dragon (D:10)
  A queen bee (D:9)
  4 trolls
  2 shadows (D:12)
  16 yaks
  Eustachio (D:5)
  10 vampire mosquitoes
  4 steam dragons
  2 water moccasins (D:7)
  4 sky beasts
  14 orc warriors
  3 ice beasts
  3 black bears
  2 ogres (D:11)
  4 centaurs
  A phantom (D:5)
  A gnoll sergeant (D:10)
  4 scorpions
  5 bullfrogs
  3 wights (D:9)
  36 killer bees
  5 howler monkeys
  A bombardier beetle (D:5)
  3 hounds
  9 orc priests
  2 jellies
  Natasha (thrice) (D:3)
  3 iguanas
  17 orc wizards
  12 gnolls
  8 adders
  2 white imps
  2 ufetubi (D:5)
  3 ribbon worms
  4 dart slugs
  49 orcs
  5 bats
  6 endoplasms
  2 giant cockroaches
  4 goblins
  6 hobgoblins
  4 jackals (D:3)
  6 kobolds
  2 quokkas
  12 ball pythons
  2 frilled lizards (D:2)
  4 rats
311 creatures vanquished.

Notes
Turn   | Place    | Note
-------+----------+-------------------------------------------
     0 | D:1      | anacleto the Minotaur Fighter began the quest for the Orb.
     0 | D:1      | Reached XP level 1. HP: 19/19 MP: 0/0
   129 | D:1      | Reached XP level 2. HP: 17/27 MP: 1/1
   296 | D:1      | Found a faded altar of an unknown god.
   842 | D:2      | Reached skill level 4 in Fighting
   842 | D:2      | Reached XP level 3. HP: 33/33 MP: 2/2
  1266 | D:2      | Got the Compilation of Chilled Incandescence
  1306 | D:2      | Reached skill level 1 in Dodging
  1306 | D:2      | Reached skill level 1 in Invocations
  1309 | D:2      | Reached XP level 4. HP: 41/41 MP: 3/3
  1909 | D:3      | Reached XP level 5. HP: 47/47 MP: 5/5
  2044 | D:3      | Noticed Natasha
  2054 | D:3      | Killed Natasha
  2055 | D:3      | Reached skill level 5 in Fighting
  2309 | D:3      | Noticed Natasha
  2316 | D:3      | Killed Natasha
  2341 | D:3      | Noticed a sky beast
  2354 | D:3      | Killed a sky beast
  2355 | D:3      | Reached skill level 5 in Long Blades
  2355 | D:3      | Reached XP level 6. HP: 56/56 MP: 6/6
  2370 | D:3      | Noticed Natasha
  2374 | D:3      | Killed Natasha
  3066 | D:4      | Noticed an orc warrior
  3188 | D:4      | Killed an orc warrior
  3189 | D:4      | Reached XP level 7. HP: 56/62 MP: 8/8
  3224 | D:4      | Found an opulent altar of Gozag.
  3574 | D:5      | Entered Level 5 of the Dungeon
  3604 | D:5      | Reached skill level 6 in Fighting
  3636 | D:5      | Reached skill level 1 in Throwing
  3905 | D:5      | Noticed Eustachio
  3921 | D:5      | Killed Eustachio
  4381 | D:5      | Reached XP level 8. HP: 47/71 MP: 9/9
  4840 | D:5      | Reached skill level 5 in Armour
  4840 | D:5      | Reached skill level 5 in Shields
  4861 | D:5      | Reached skill level 7 in Fighting
  5542 | D:6      | Found a hazy altar of Hepliaklqana.
  5951 | D:7      | Found Miw Byr's Weapon Shop.
  6209 | D:7      | Reached XP level 9. HP: 81/81 MP: 11/11
  6387 | D:7      | Reached skill level 8 in Fighting
  6731 | D:8      | Noticed a two-headed ogre
  6746 | D:8      | Killed a two-headed ogre
  7384 | D:8      | Found a hide-covered altar of Uskayaw.
  7483 | D:8      | Reached skill level 9 in Fighting
  7662 | D:6      | Reached skill level 5 in Invocations
  8148 | D:8      | Reached XP level 10. HP: 78/91 MP: 12/12
  8150 | D:8      | Noticed a four-headed hydra
  8155 | D:8      | Noticed a six-headed hydra
  8165 | D:8      | Identified the +0 plate armour of Jeac {rC+}
  8165 | D:8      | Noticed a meliai
  8620 | D:9      | Found a white marble altar of Elyvilon.
  8678 | D:9      | Noticed a two-headed ogre
  8688 | D:9      | Killed a two-headed ogre
  8689 | D:9      | Reached skill level 5 in Dodging
  9404 | D:8      | Reached skill level 10 in Fighting
  9646 | D:9      | Reached skill level 5 in Throwing
 10081 | D:9      | Found a shadowy altar of Dithmenos.
 10729 | D:8      | Noticed an entropy weaver
 10743 | D:8      | Identified the +2 scale mail of Duib {rC+}
 10743 | D:8      | Noticed a skeletal warrior
 11077 | D:10     | Entered Level 10 of the Dungeon
 11110 | D:10     | Reached skill level 10 in Long Blades
 11308 | D:10     | Reached XP level 11. HP: 92/101 MP: 14/14
 11344 | D:10     | Found a staircase to the Orcish Mines.
 11612 | D:10     | Found Plog's Assorted Antiques.
 11626 | D:10     | Bought a scroll of blinking for 202 gold pieces
 11626 | D:10     | Bought a potion of curing for 81 gold pieces
 11898 | D:10     | Noticed a two-headed ogre
 11908 | D:10     | Killed a two-headed ogre
 12089 | D:10     | Found a staircase to the Lair.
 12135 | D:10     | Reached skill level 11 in Fighting
 12285 | D:11     | Noticed an orc knight
 12293 | D:11     | Killed an orc knight
 12771 | D:11     | Noticed a two-headed ogre
 12781 | D:11     | Killed a two-headed ogre
 13272 | D:11     | Noticed a purple ugly thing
 13281 | D:11     | Killed a purple ugly thing
 13300 | D:11     | Identified the serpent talisman of the Centipede {Int-3
                  | Dex+6}
 13544 | D:12     | Reached XP level 12. HP: 91/112 MP: 16/16
 13680 | D:12     | Reached skill level 12 in Fighting
 14783 | D:13     | Noticed a vault guard
 14791 | D:13     | Noticed a centaur warrior
 14818 | D:13     | Slain by a manticore

Illustrated notes

Levels and vault maps discovered:
D:1:      dpeg_arrival_round_c, layout_loops_ring, basic_ecumenical_altar,
          minmay_strange_pillars
D:2:      layout_loops_corners
D:3:      layout_loops_ring, uniq_natasha
D:4:      layout_basic, mainiacjoe_overflow_catwalk, minmay_temple_entry_arrows,
          minmay_starry_boxes
D:5:      layout_basic, grunt_decor_arrowhead, serial_bayou_crossing,
          uniq_eustachio
D:6:      layout_cave_pods, overflow_temple_1_default,
          chequers_serial_rivers_micro_c
D:7:      layout_basic, serial_shops, shop
D:8:      minmay_the_grid_triangle_9x9_rhombus_thin
          [minmay_the_grid_triangle_9x9_tough_junction,
          minmay_the_grid_triangle_9x9_prize_insulated,
          minmay_the_grid_triangle_9x9_zippers_horizontal,
          minmay_the_grid_triangle_9x9_sparse_checkered], layout_cave_pools,
          mainiacjoe_overflow_brackets
D:9:      layout_roguey [special_room_bee], mainiacjoe_overflow_cross_hatched,
          elyvilon_altar_1, minmay_misc_feat_alley
D:10:     layout_roguey, grunt_lair_entry_orc_guard_hut, david_orc_4,
          serial_shops, nicolae_shop_stone
D:11:     layout_roguey [special_room_orc], roderic_roman_lattice
D:12:     layout_loops_cross
D:13:     layout_irregular_city, hellmonk_vaults_keyhole

Skill      XL: |  1  2  3  4  5  6  7  8  9 10 11 12 |
---------------+-------------------------------------+-----
Fighting       | 4 5 6 7 9 10 11 12 | 12.2
Long Blades    | 3 5 6 7 8 10 11 | 11.9
Dodging        | 1 2 3 4 5 6 7 |  7.2
Invocations    | 1 2 3 4 5 6 7 |  7.0
Armour         | 4 5 6 7 8 |  8.8
Shields        | 4 5 6 7 8 |  8.9
Throwing       | 1 3 4 5 6 |  6.6
Stealth        | |  0.1

Action                     |  1- 3 |  4- 6 |  7- 9 | 10-12 || total
---------------------------+-------+-------+-------+-------++-------
  Melee: Long sword        |    54 |   113 |   240 |   495 ||   902
         Headbutt          |     9 |    16 |    39 |   110 ||   174
  Throw: Javelin           |       |     4 |     1 |     5 ||    10
  Evoke: Wand              |       |     5 |     4 |     7 ||    16
    Use: Scroll            |       |     1 |     9 |     8 ||    18
         Potion            |       |     1 |     5 |     8 ||    14
   Stab: Paralysed         |       |       |       |    10 ||    10
 Armour: Scale mail        |    20 |    90 |       |       ||   110
         Plate armour      |       |       |   251 |   583 ||   834
  Dodge: Dodged            |    25 |    51 |    87 |   188 ||   351
  Block: Buckler           |    10 |    33 |    60 |   147 ||   250

Table legend: (Time is in decaauts)
 A = Elapsed time spent in this place.
 B = Non-inter-level travel time spent in this place.
 C = Inter-level travel time spent in this place.
 D = Time resting spent in this place.
 E = Time spent auto-exploring this place.
 F = Levels seen in this place.
 G = Mean time per level.
                   A        B        C        D        E       F      G
               +--------+--------+--------+--------+--------+-----+--------+
         Total |  14806 |  14139 |    667 |   3442 |   7690 |  13 | 1138.9 |
       Dungeon |  14806 |  14139 |    667 |   3442 |   7690 |  13 | 1138.9 |
               +--------+--------+--------+--------+--------+-----+--------+

Top non-repeatable levels by time:
     D:9: 1840 daAuts
     D:5: 1574 daAuts
     D:8: 1572 daAuts
     D:7: 1498 daAuts
     D:3: 1258 daAuts
    D:11: 1210 daAuts
    D:10: 1188 daAuts
     D:2: 1171 daAuts
    D:12: 1121 daAuts
     D:6: 984 daAuts
     D:1: 785 daAuts
     D:4: 426 daAuts
    D:13: 174 daAuts
